 Dungeon Crawl Stone Soup version 0.30-a0-1018-g25214051b3 (webtiles) character file.

Game seed: 7400558332981147636

6630 greenreed the Thaumaturge (level 10, -3/44 HPs)
             Began as a Spriggan Conjurer on Apr 7, 2023.
             Was an Elder of Vehumet.
             Slain by a wyvern (9 damage)
             ... on level 8 of the Dungeon.
             The game lasted 00:34:15 (12223 turns).

greenreed the Thaumaturge (Spriggan Conjurer)      Turns: 12223, Time: 00:34:16

Health: -3/44      AC:  2    Str:  3    XL:     10   Next: 72%
Magic:  18/35      EV: 22    Int: 24    God:    Vehumet [****..]
Gold:   178        SH:  0    Dex: 14    Spells: 14/32 levels left

rFire   . . .      SeeInvis +    t - +0 whip (holy)
rCold   . . .      Faith    .    (no shield)
rNeg    . . .      Spirit   .    a - +0 robe
rPois   .          Reflect  .    (helmet restricted)
rElec   .          Rampage  .    I - scarf {+Inv}
rCorr   .                        (gloves unavailable)
Will    +....                    (boots unavailable)
Stlth   +++                      B - amulet of the acrobat
HPRegen 0.27/turn                J - ring of magical power
MPRegen 0.24/turn                (no ring)

@: very quick
A: very small, no large weapons, unfitting armour, see invisible, speed 3
a: Renounce Religion, Evoke Invisibility


You were on level 8 of the Dungeon.
You worshipped Vehumet.
Vehumet was greatly pleased with you.
You visited 1 branch of the dungeon, and saw 8 of its levels.
You also visited: Sewer.

You collected 612 gold pieces.
You spent 434 gold pieces at shops.

Inventory:

Hand Weapons
 e - a +1 whip of distortion
 l - a +2 rapier of protection
 t - a +0 whip of holy wrath (weapon)
Missiles
 p - 4 boomerangs of dispersal
 A - 2 throwing nets
Armour
 a - a +0 robe (worn)
 F - a +0 cloak of stealth
 I - a scarf of invisibility (worn)
Jewellery
 B - an amulet of the acrobat (around neck)
 J - a ring of magical power (left hand)
Wands
 j - a wand of charming (9)
 u - a wand of polymorph (4)
 E - a wand of digging (5)
Scrolls
 c - 5 scrolls of teleportation
 d - 4 scrolls of immolation
 f - 2 scrolls of noise {unknown}
 h - 2 scrolls of amnesia {unknown}
 i - 4 scrolls of brand weapon
 n - a scroll of acquirement {unknown}
 o - a scroll of torment {unknown}
 v - a scroll of enchant armour {unknown}
 w - 4 scrolls of enchant weapon
 y - a scroll of butterflies {unknown}
 C - a scroll of fear
 D - 2 scrolls of poison {unknown}
 H - a scroll of magic mapping {unknown}
 L - a scroll of silence {unknown}
Potions
 b - 2 potions of magic
 g - 4 potions of heal wounds
 k - 2 potions of brilliance {unknown}
 m - a potion of degeneration {unknown}
 q - 3 potions of mutation
 r - 4 potions of might
 s - a potion of resistance
 x - a potion of berserk rage {unknown}
 z - 2 potions of haste
 G - a potion of cancellation {unknown}
 K - a potion of lignification {unknown}
 M - a potion of attraction {unknown}
 N - a potion of invisibility {unknown}


   Skills:
 + Level 9.3 Dodging
 - Level 4.0 Stealth
 * Level 11.7 Spellcasting
 * Level 8.0 Conjurations
 + Level 8.5 Translocations


You had 14 spell levels left.
You knew the following spells:

 Your Spells              Type           Power      Damage    Failure   Level
a - Magic Dart            Conj           100%       1d8       1%          1
b - Searing Ray           Conj           100%       2d8       1%          2
c - Dazzling Flash        Conj/Hex       66%        N/A       1%          3
d - Iskenderun's Mystic   Conj/Tloc      52%        2d11      1%          4
e - Inner Flame           Hex/Fire       14%        N/A       3%          3
f - Arcjolt               Conj/Air       16%        1d26      7%          5

Your spell library contained the following spells:

 Spells                   Type           Power      Damage    Failure   Level
 Frozen Ramparts          Ice            28%        1d5       3%          3
 Apportation              Tloc           100%       N/A       1%          1
 Vhi's Electric Charge    Tloc/Air       68%        N/A       2%          3
 Fulminant Prism          Conj/Hex       16%        3d10      2%          4
 Cigotuvi's Dreadful Rot  Necr/Pois/Air  28%        N/A       7%          2
 Ensorcelled Hibernation  Hex/Ice        28%        N/A       7%          2
 Passwall                 Tmut/Erth      11%        N/A       7%          2
 Ozocubu's Armour         Ice            14%        N/A       13%         3
 Swiftness                Air            14%        N/A       13%         3
 Summon Forest            Summ/Tloc      17%        N/A       22%         5
 Dispel Undead            Necr           14%        3d10      41%         4
 Alistair's Intoxication  Tmut/Pois      9%         N/A       77%         5
 Metabolic Englaciation   Hex/Ice        7%         N/A       77%         5
 Eringya's Noxious Bog    Tmut/Pois      7%         N/A       82%         6
 Death Channel            Necr           7%         N/A       100%        6
 Simulacrum               Ice/Necr       7%         N/A       100%        6
 Summon Hydra             Summ           7%         N/A       100%        7
 Maxwell's Capacitive Co  Air            7%         ∞         100%        8


Dungeon Overview and Level Annotations

Branches:
Dungeon (8/15)             Temple (0/1) D:4           Sewer (visited)
   Lair: D:8-11

Altars:
Ashenzari
Cheibriados
Dithmenos
Elyvilon
Fedhas
Hepliaklqana
Kikubaaqudgha
Nemelex Xobeh
Ru
Sif Muna
Trog
Uskayaw
Vehumet
Xom
Yredelemnul
The Shining One

Shops:
D:1 =   D:4 [   D:7 *


Innate Abilities, Weirdness & Mutations

You are very small and have problems with some larger weapons.
You are too small for most types of armour.
You have supernaturally acute eyesight. (SInv)
You cover ground extremely quickly. (Speed+++)


Message History

The searing ray hits the basilisk!
You kill the basilisk!
Vehumet accepts your kill. The wyvern misses you.
The iguana hisses menacingly.
The wyvern bites you!!
There is an open door, spattered with blood here.
Items here: †††††.
Casting: Searing Ray (safe; 1% risk of failure)
Confirm with . or Enter, or press ? or * to list all spells.
Aiming: Searing Ray (safe; 1% risk of failure)
Press: ? - help, Shift-Dir - straight line, f - wyvern
Aim: a wyvern (moderately wounded, 83% to hit)
The searing ray hits the wyvern!
The wyvern is severely wounded. (Press . to maintain the ray.)
The wyvern closely misses you.
The searing ray hits the wyvern but does no damage.
The wyvern is severely wounded.
The wyvern completely misses you.
The searing ray hits the wyvern!
The wyvern is almost dead.
The wyvern misses you. The wyvern bites you!
The searing ray hits the wyvern but does no damage.
The wyvern is almost dead.
You finish channelling your searing ray.
The wyvern completely misses you.
Casting: Searing Ray (safe; 1% risk of failure)
Confirm with . or Enter, or press ? or * to list all spells.
Aiming: Searing Ray (safe; 1% risk of failure)
Press: ? - help, Shift-Dir - straight line, f/p - wyvern
Aim: a wyvern (almost dead, 83% to hit)
The searing ray hits the wyvern but does no damage.
The wyvern is almost dead. (Press . to maintain the ray.)
The water moccasin hisses angrily.
The wyvern bites you!
* * * LOW HITPOINT WARNING * * *
The wyvern bites you!
You die... #...........+...... #...........#.)....
P.P.PP

#...........#...... P .....
##...###..####...## P. S...
##...###..####...## .P. ...
#.....#............ ....♣..
#.....#............ ......
#.....#............ .♣..♣..###
##@####'######'####
.....†.l.####l####.####...####
.....#.......l.............#..
... #.....................#..
. #...............).....#..
#.......S.............#..
##+#####'####'####.).##.)
...........#.####...##..
...........#...#........


You could see a water moccasin, a wyvern and an iguana.

Vanquished Creatures
  A gargoyle (D:7)
  3 wyverns
  A basilisk (D:8)
  12 yaks
  2 steam dragons
  A water moccasin (D:6)
  An orc warrior (D:7)
  4 ice beasts
  2 sky beasts (D:7)
  3 black bears
  2 ogres
  3 centaurs
  2 phantoms (D:6)
  A kobold brigand (D:7)
  3 bullfrogs
  4 scorpions
  7 wights
  7 orc priests
  A sleepcap (D:4)
  6 hounds
  A jelly (D:4)
  A gnoll bouda (D:4)
  Ijyb (D:3)
  4 iguanas
  7 orc wizards
  A hell rat (D:7)
  9 gnolls
  15 adders
  9 river rats
  A shadow imp (D:7)
  2 white imps (D:7)
  2 ufetubi
  2 worms
  3 dart slugs
  30 orcs
  5 bats
  7 endoplasms
  9 giant cockroaches
  7 goblins
  5 hobgoblins
  3 jackals (D:1)
  7 kobolds
  12 quokkas
  30 ball pythons
  7 frilled lizards
  49 rats
295 creatures vanquished.

Vanquished Creatures (others)
  3 fungi (D:1)
  13 plants
  3 toadstools (D:1)
19 creatures vanquished.

Grand Total: 314 creatures vanquished

Notes
Turn   | Place    | Note
-------+----------+-------------------------------------------
     0 | D:1      | greenreed the Spriggan Conjurer began the quest for the
                  | Orb.
     0 | D:1      | Reached XP level 1. HP: 9/9 MP: 5/5
   312 | D:1      | Reached skill level 3 in Spellcasting
   312 | D:1      | Reached XP level 2. HP: 13/13 MP: 4/7
   495 | D:1      | Learned a level 2 spell: Searing Ray
  1135 | D:1      | Reached XP level 3. HP: 16/16 MP: 6/8
  1324 | D:1      | Found Qameavid's Jewellery Shop.
  1590 | D:1      | Found a faded altar of an unknown god.
  2004 | D:2      | Noticed an ogre
  2134 | D:1      | Reached XP level 4. HP: 19/21 MP: 6/10
  2592 | D:2      | Reached skill level 4 in Spellcasting
  2647 | D:2      | Killed an ogre
  2648 | D:2      | Reached XP level 5. HP: 24/24 MP: 1/12
  3299 | D:3      | Noticed a centaur
  3308 | D:3      | Killed a centaur
  3309 | D:3      | Reached skill level 5 in Spellcasting
  3309 | D:3      | Reached XP level 6. HP: 15/28 MP: 4/14
  3471 | D:3      | Noticed an ice beast
  3494 | D:3      | Killed an ice beast
  4469 | D:3      | Found a bloodstained altar of Trog.
  4480 | D:3      | Found a radiant altar of Vehumet.
  4480 | D:3      | Found a shadowy altar of Dithmenos.
  4480 | D:3      | Found a shimmering altar of Xom.
  4484 | D:3      | Became a worshipper of Vehumet
  4493 | D:3      | Found a basalt altar of Yredelemnul.
  4512 | D:3      | Found a glowing golden altar of the Shining One.
  4573 | D:3      | Noticed Ijyb
  4580 | D:3      | Killed Ijyb
  4741 | D:3      | Reached skill level 5 in Dodging
  4860 | D:3      | Reached skill level 6 in Spellcasting
  4860 | D:3      | Reached skill level 1 in Translocations
  4860 | D:3      | Reached XP level 7. HP: 32/32 MP: 8/17
  5151 | D:4      | Found a glowing drain.
  5204 | Sewer    | Entered a sewer
  5320 | Sewer    | Reached * piety under Vehumet
  5320 | Sewer    | Offered knowledge of Shock by Vehumet.
  5699 | Sewer    | Offered knowledge of Scorch by Vehumet.
  5702 | Sewer    | Reached ** piety under Vehumet
  5977 | D:4      | Reached skill level 5 in Conjurations
  6164 | D:4      | Found a staircase to the Ecumenical Temple.
  6211 | D:4      | Reached skill level 7 in Spellcasting
  6470 | D:4      | Found Akoisest's Antique Armour Shoppe.
  6477 | D:4      | Bought an embroidered cloak for 142 gold pieces
  6925 | D:4      | Found a snail-covered altar of Cheibriados.
  6936 | D:4      | Offered knowledge of Momentum Strike by Vehumet.
  7192 | D:5      | Entered Level 5 of the Dungeon
  7207 | D:4      | Reached XP level 8. HP: 25/36 MP: 13/19
  7544 | D:5      | Reached *** piety under Vehumet
  7663 | D:5      | Found a sacrificial altar of Ru.
  7745 | D:5      | Found a shimmering blue altar of Sif Muna.
  7931 | D:5      | Found a sparkling altar of Nemelex Xobeh.
  8025 | D:5      | Found a hide-covered altar of Uskayaw.
  8127 | D:5      | Found an ancient bone altar of Kikubaaqudgha.
  8128 | D:5      | Found a blossoming altar of Fedhas.
  8443 | D:1      | Bought a ring of magical power for 260 gold pieces
  8647 | D:6      | Reached skill level 8 in Spellcasting
  8781 | D:6      | Found a broken altar of Ashenzari.
  8934 | D:6      | Found a white marble altar of Elyvilon.
  8991 | D:6      | Reached skill level 5 in Translocations
  9111 | D:6      | Reached XP level 9. HP: 36/39 MP: 22/22
  9334 | D:6      | Learned a level 3 spell: Dazzling Flash
  9339 | D:6      | Learned a level 4 spell: Iskenderun's Mystic Blast
  9429 | D:6      | Identified the +1 scale mail "Qumnez" {+Inv Fly rF+}
  9522 | D:6      | Reached skill level 9 in Spellcasting
  9879 | D:7      | Offered knowledge of Inner Flame by Vehumet.
  9884 | D:7      | Learned a level 3 spell: Inner Flame
  9966 | D:7      | Found a hazy altar of Hepliaklqana.
 10172 | D:7      | Reached skill level 10 in Spellcasting
 10172 | D:7      | Noticed a gargoyle
 10178 | D:7      | Killed a gargoyle
 10191 | D:7      | Reached XP level 10. HP: 42/44 MP: 17/25
 10625 | D:7      | Reached **** piety under Vehumet
 10671 | D:7      | Offered knowledge of Frozen Ramparts by Vehumet.
 10734 | D:7      | Learned a level 5 spell: Arcjolt
 10967 | D:6      | Reached skill level 11 in Spellcasting
 11285 | D:7      | Noticed a boulder beetle
 11340 | D:7      | HP: 2/44 [boulder beetle (17)]
 11566 | D:7      | Found Layvakol's General Store.
 11569 | D:7      | Bought a scroll of identify for 32 gold pieces
 12223 | D:8      | Slain by a wyvern

Illustrated notes

Levels and vault maps discovered:
D:1:      elethiomel_arrival_quiet, layout_basic,
          shapermc_ecumenical_altar_mp_urbaneastern, serial_shops,
          nicolae_shop_trees, kennysheep_doodads, minivault_27,
          minmay_gold_behind_fungi
D:2:      layout_rooms, nicolae_elevator_lobby_asterisk
D:3:      layout_loops_corners, minmay_overflow_temple_hex, minmay_pentangle,
          uniq_ijyb
D:4:      layout_layer_cave, kennysheep_little_box,
          minmay_temple_entry_drinking_statues, gup_sewer_entry_pipe,
          serial_shops, nicolae_square_shop
D:5:      layout_loops_ring, grunt_temple_overflow_growth_and_decay,
          nicolae_ru_the_path_less_chosen, nicolae_sif_muna_condensation,
          nemelex_spade_bored_becter, lemuel_crystal_altar
D:6:      layout_loops_ring, nicolae_overflow_crystal_walls, elyvilon_altar_1,
          minivault_26
D:7:      lemuel_ratsnest, layout_cave_pods, mainiacjoe_overflow_paths,
          serial_shops, kennysheep_mini, grunt_potential
D:8:      layout_gridville, minmay_lair_entry_grove

Skill      XL: |  1  2  3  4  5  6  7  8  9 10 |
---------------+-------------------------------+-----
Conjurations   | 3 4 5 6 7 8 |  8.0
Dodging        | 3 4 5 7 8 9 |  9.3
Spellcasting   | 3 4 5 6 7 8 10 11 | 11.7
Stealth        | 4 |  4.0
Translocations | 1 3 5 7 8 |  8.5

Action                     |  1- 3 |  4- 6 |  7- 9 | 10-12 || total
---------------------------+-------+-------+-------+-------++-------
  Melee: Unarmed           |     3 |       |       |       ||     3
         Whip              |       |       |     3 |       ||     3
   Cast: Magic Dart        |    75 |    94 |   228 |    68 ||   465
         Searing Ray       |    11 |    16 |    49 |    41 ||   117
         Inner Flame       |       |       |     2 |     2 ||     4
         Dazzling Flash    |       |       |       |     4 ||     4
         Iskenderun's Myst |       |       |       |     2 ||     2
         Arcjolt           |       |       |       |     1 ||     1
    Use: Scroll            |       |       |       |     9 ||     9
         Potion            |       |       |       |     1 ||     1
 Armour: Robe              |     4 |     1 |     4 |     2 ||    11
  Dodge: Dodged            |    17 |    23 |    74 |    67 ||   181

Table legend: (Time is in decaauts)
 A = Elapsed time spent in this place.
 B = Non-inter-level travel time spent in this place.
 C = Inter-level travel time spent in this place.
 D = Time resting spent in this place.
 E = Time spent auto-exploring this place.
 F = Levels seen in this place.
 G = Mean time per level.
                   A        B        C        D        E       F      G
               +--------+--------+--------+--------+--------+-----+--------+
         Total |   9503 |   9083 |    420 |    828 |   6781 |   9 | 1055.9 |
       Dungeon |   8882 |   8462 |    420 |    753 |   6350 |   8 | 1110.2 |
         Sewer |    620 |    620 |      0 |     75 |    431 |   1 |  620.0 |
               +--------+--------+--------+--------+--------+-----+--------+

Top non-repeatable levels by time:
     D:3: 1621 daAuts
     D:1: 1606 daAuts
     D:7: 1350 daAuts
     D:4: 1170 daAuts
     D:6: 1146 daAuts
     D:2: 845 daAuts
     D:5: 813 daAuts
   Sewer: 620 daAuts
     D:8: 328 daAuts
